 Dungeon Crawl Stone Soup version 0.17-a0-1632-g0af21bd (webtiles) character file.

15610 poirepourri the Fighter (level 12, -29/118 HPs)
             Began as a Deep Dwarf Berserker on Aug 3, 2015.
             Was a Priest of Trog.
             Annihilated by an ettin
             ... wielding a +0 dire flail
              (37 damage)
             ... on level 15 of the Dungeon.
             The game lasted 00:36:19 (12250 turns).

poirepourri the Fighter (Deep Dwarf Berserker)     Turns: 12250, Time: 00:36:20

Health: -29/118    AC: 16    Str: 24    XL:     12   Next: 2%
Magic:  22/22      EV: 16    Int:  9    God:    Trog [***...]
Gold:   298        SH:  6    Dex: 13    Spells: 0 memorised, 11 levels left

rFire  + . .     SeeInvis +     m - +1 hand axe (freeze)
rCold  . . .     Clarity  .     j - +0 scale mail
rNeg   + . .     SustAt   .     C - +1 buckler {AC+3}
rPois  .         Gourm    .     D - +1 helmet {SInv}
rElec  .         Spirit   .     (no cloak)
rCorr  .         Warding  .     e - +0 pair of gloves
rMut   .         Stasis   .     g - +0 pair of boots
MR     +++..                    (no amulet)
Stlth  +.........               (no ring)
                                w - ring "Tonk" {+Fly rF+ rN+ MP+9}

@: exhausted, non-regenerating, slowed, very slow, extremely resistant to
hostile enchantments, very unstealthy
A: damage resistance, recharge devices, sense surroundings 2, slow healing 3
a: Device Recharging, Burn Spellbooks, Berserk, Trog's Hand, Renounce Religion,
Evoke Flight


You were on level 15 of the Dungeon.
You worshipped Trog.
Trog was most pleased with you.
You were not hungry.

You visited 1 branch of the dungeon, and saw 15 of its levels.

You collected 810 gold pieces.
You spent 512 gold pieces at shops.

Inventory:

Hand weapons
 a - a +1 hand axe
 d - a +0 war axe of draining
 m - a +1 hand axe of freezing (weapon)
Armour
 b - a +0 animal skin
 e - a +0 pair of gloves (worn)
 g - a +0 pair of boots (worn)
 j - a +0 scale mail (worn)
 z - a +0 helmet
 C - a +1 buckler of protection (worn)
 D - a +1 helmet of see invisible (worn)
Jewellery
 q - an uncursed amulet of regeneration
 w - the ring "Tonk" (left hand) {+Fly rF+ rN+ MP+9}
   (You found it on level 7 of the Dungeon)

   [ring of flight]

   It protects you from fire.
   It protects you from negative energy.
   It affects your magic capacity (+9).
   It lets you fly.
 M - a -3 ring of dexterity
 T - an uncursed ring of teleportation
Magical devices
 c - a wand of heal wounds (0)
 f - a wand of paralysis (14)
 x - a wand of slowing (25)
 y - a wand of frost (9)
 A - a wand of fireball (5)
 B - a wand of fire (7)
 F - a wand of heal wounds (9)
 L - a wand of heal wounds (5)
 R - a wand of random effects (31)
 V - a wand of enslavement (17)
Scrolls
 i - a scroll of fog
 k - 2 scrolls of remove curse
 l - 8 scrolls of identify
 o - 4 scrolls of blinking
 p - 4 scrolls of noise
 u - 2 scrolls of teleportation
 G - a scroll of fear
 Q - 2 scrolls of enchant armour
 S - a scroll of recharging
 U - a scroll of magic mapping {unknown}
Potions
 n - a potion of resistance
 r - 4 potions of curing
 t - 2 potions of haste
 v - 2 potions of magic
 E - a potion of brilliance
 H - a potion of ambrosia
 N - 2 potions of beneficial mutation
 O - a potion of mutation
 P - a potion of berserk rage
Books
 K - a Fen Folio

   Spells                             Type                      Level
   a - Corpse Rot                     Necromancy                   2
   b - Stone Arrow                    Conjuration/Earth            3
   c - Leda's Liquefaction            Hexes/Earth                  4
   d - Summon Forest                  Summoning/Translocation      5
   e - Hydra Form                     Transmutation                6
   f - Summon Hydra                   Summoning                    7
   Trog disapproves of the use of such an item.
 X - a book of Party Tricks

   Spells                             Type                      Level
   a - Summon Butterflies             Summoning                    1
   b - Apportation                    Translocation                1
   c - Tukima's Dance                 Hexes                        3
   d - Alistair's Intoxication        Transmutation/Poison         4
   e - Invisibility                   Hexes                        6
   Trog disapproves of the use of such an item.
Comestibles
 h - 4 slices of pizza
 s - 2 bread rations
 I - 2 meat rations
 J - 4 beef jerkies
 W - 13 royal jellies


   Skills:
 * Level 10.8 Fighting
 + Level 10.3 Axes
 + Level 8.8 Armour
 + Level 10.8 Dodging
 + Level 2.5 Stealth
 + Level 4.3 Shields
 + Level 1.8 Evocations


You had 11 spell levels left.
You didn't know any spells.

Dungeon Overview and Level Annotations

Branches:
Dungeon (15/15)            Temple (0/1) D:7            Lair (0/8) D:9
    Orc (0/4) D:11
 Vaults: D:13-14     Depths: D:15

Altars:
Cheibriados
Dithmenos
Gozag
Kikubaaqudgha
Nemelex Xobeh
Sif Muna
Vehumet
Xom
Yredelemnul
Zin
The Shining One

Shops:
D:8 [   D:10 !   D:15 [


Innate Abilities, Weirdness & Mutations

You are resistant to damage.
You can recharge devices by infusing magical energy.
You passively map the area around you.
You do not heal naturally.


Message History

You feel much better.
This wand has 0 charges left.
The ettin hits you with a dire flail! The ettin hits you with a dire flail!!
The orc sorcerer barely misses you. The hellwing closely misses you.
The hellwing barely misses you.
Use which ability? (? or * to list)
Your skin crawls.
You feel resistant to hostile enchantments.
You feel slightly more hungry.
The deep elf knight mumbles some strange words.
The deep elf knight flickers and vanishes for a moment.
The ettin hits you with a dire flail!!! The ettin hits you with a dire flail!
You block the orc sorcerer's attack.
The red devil hits you from afar with a trident!
* * * LOW HITPOINT WARNING * * *
The hellwing hits you but does no damage.
The hellwing closely misses you. The orc sorcerer barely misses you.
The ettin hits you with a dire flail!!
* * * LOW HITPOINT WARNING * * *
The ettin hits you with a dire flail!!!
You die...

###### * * ,* *
*,, # *,, , , ,
* *#. ,, * * .#
> #
#####4####..# *
* #....#C4....#
*, , #...eo@# ,
#....#)####.##*
#.###.........,
, ,
#.....#....###
, #####.#....#
* * *
#.####.... , ,
, #.# *.#..,
#.# ,. . , #.#
.


You could see an ettin, a deep elf knight (invisible), a hellwing, an orc
sorcerer and a red devil.

Vanquished Creatures
  A tengu warrior (D:15)
  Pikel (D:4)
  A wolf spider zombie (D:12)
  A hill giant (D:14)
  2 cyclopes
  A griffon (D:15)
  A manticore (D:12)
  A centaur zombie (D:14)
  A komodo dragon (D:13)
  A queen bee (D:14)
  2 trolls (D:12)
  Grinder (D:4)
  A wyvern (D:11)
  2 centaur simulacra (D:12)
  2 vampires
  A spriggan (D:7)
  7 yaks
  A hungry ghost (D:11)
  2 vampire mosquitoes (D:12)
  2 deep elf magi (D:12)
  Menkaure (D:7)
  3 hippogriffs
  A water moccasin (D:9)
  A wolf (D:12)
  An eye of draining (D:13)
  6 orc warriors
  2 phantoms
  4 ice beasts
  A necrophage (D:11)
  2 ogres
  A black bear (D:9)
  4 sky beasts
  8 centaurs
  A crocodile (D:6)
  2 slaves (D:4)
  6 giant frogs
  Blork the orc (D:4)
  A wyvern zombie (D:13)
  3 jellies
  A wyvern skeleton (D:13)
  A scorpion (D:6)
  30 killer bees
  12 wights
  5 crimson imps
  10 hounds
  2 centaur skeletons
  12 orc priests
  3 iguanas
  14 orc wizards
  A giant frog skeleton (D:10)
  3 worker ants
  A worker ant zombie (D:7)
  10 adders
  3 shadow imps
  2 white imps (D:12)
  3 oozes
  An adder skeleton (D:4)
  5 worms
  A giant gecko (D:4)
  87 orcs
  A ball python (D:3)
  7 hobgoblins
  12 jackals
  5 quokkas
  A ball python zombie (D:5)
  5 bats
  5 giant cockroaches
  8 giant newts
  10 goblins
  11 kobolds
  A quokka skeleton (D:4)
  6 rats
360 creatures vanquished.

Vanquished Creatures (collateral kills)
  A sky beast (D:9)
  3 ogres
  A wyvern skeleton (D:8)
  A gnoll sergeant (D:8)
  4 gnolls (D:8)
  A shadow imp (D:9)
  A quokka (D:9)
12 creatures vanquished.

Vanquished Creatures (others)
  A hound skeleton (D:4)
1 creature vanquished.

Grand Total: 373 creatures vanquished

Notes
Turn   | Place    | Note
--------------------------------------------------------------
     0 | D:1      | poirepourri the Deep Dwarf Berserker began the quest for the Orb.
     0 | D:1      | Reached XP level 1. HP: 20/20 MP: 1/1
   151 | D:1      | Reached XP level 2. HP: 21/28 MP: 2/2
   465 | D:1      | Acquired Trog's second power
   753 | D:1      | Reached XP level 3. HP: 27/34 MP: 3/3
  1088 | D:2      | Found a radiant altar of Vehumet.
  1362 | D:2      | Reached XP level 4. HP: 42/42 MP: 4/4
  1472 | D:3      | Found a glowing golden altar of the Shining One.
  2086 | D:3      | Reached skill level 4 in Dodging
  2402 | D:4      | Noticed Blork the orc
  2417 | D:4      | Reached XP level 5. HP: 37/50 MP: 5/5
  2423 | D:4      | Killed Blork the orc
  3099 | D:4      | Reached XP level 6. HP: 54/57 MP: 6/6
  3316 | D:4      | Noticed a slave
  3316 | D:4      | Noticed a slave
  3316 | D:4      | Noticed a slave
  3317 | D:4      | Noticed a slave
  3318 | D:4      | Noticed Pikel
  3333 | D:4      | Killed a slave
  3341 | D:4      | Killed Pikel
  3341 | D:4      | Reached skill level 5 in Fighting
  3341 | D:4      | Reached skill level 5 in Axes
  3341 | D:4      | Reached skill level 5 in Dodging
  3341 | D:4      | Reached skill level 1 in Evocations
  3341 | D:4      | Reached XP level 7. HP: 50/67 MP: 7/7
  3341 | D:4      | Killed a slave
  3505 | D:4      | Noticed Grinder
  3528 | D:4      | Killed Grinder
  3528 | D:4      | Reached skill level 5 in Armour
  3528 | D:4      | Reached skill level 1 in Stealth
  3528 | D:4      | Reached XP level 8. HP: 63/75 MP: 8/8
  3550 | D:4      | Reached skill level 6 in Dodging
  3906 | D:5      | Entered Level 5 of the Dungeon
  5060 | D:6      | Gained mutation: You passively map the area around you. [Deep Dwarf growth]
  5060 | D:6      | Reached XP level 9. HP: 43/85 MP: 9/9
  5461 | D:7      | Found a staircase to the Ecumenical Temple.
  5476 | D:7      | Reached skill level 7 in Dodging
  5598 | D:7      | Noticed Menkaure
  5600 | D:7      | Found a snail-covered altar of Cheibriados.
  5608 | D:7      | Killed Menkaure
  5905 | D:7      | Got a twitching platinum ring
  6197 | D:8      | Found a shimmering altar of Xom.
  6260 | D:8      | Identified the ring "Tonk" {+Fly rF+ rN+ MP+9} (You found it on level 7 of the Dungeon)
  6351 | D:8      | Acquired Trog's third power
  6455 | D:8      | Found Noet's Antique Armour Shoppe.
  6463 | D:8      | Bought a runed buckler for 112 gold pieces
  6463 | D:8      | Bought a shiny helmet for 112 gold pieces
  6525 | D:8      | Found a glowing silver altar of Zin.
  6567 | D:8      | Found a deep blue altar of Sif Muna.
  6795 | D:8      | Found an opulent altar of Gozag.
  6826 | D:8      | Reached skill level 8 in Fighting
  7016 | D:8      | Found a basalt altar of Yredelemnul.
  7081 | D:9      | Reached XP level 10. HP: 96/96 MP: 11/11
  7135 | D:9      | Found a shadowy altar of Dithmenos.
  7221 | D:9      | Found an ancient bone altar of Kikubaaqudgha.
  7582 | D:9      | Found a staircase to the Lair.
  7676 | D:10     | Entered Level 10 of the Dungeon
  7806 | D:10     | Found a sparkling altar of Nemelex Xobeh.
  7916 | D:10     | Reached skill level 1 in Shields
  8160 | D:10     | Found Noxzits's Distillery.
  8180 | D:10     | Bought a potion of heal wounds for 80 gold pieces
  8180 | D:10     | Bought a potion of heal wounds for 80 gold pieces
  8180 | D:10     | Bought a potion of heal wounds for 80 gold pieces
  8180 | D:10     | Bought a potion of curing for 48 gold pieces
  8432 | D:11     | Reached skill level 9 in Fighting
  9151 | D:11     | Found a staircase to the Orcish Mines.
  9367 | D:12     | Reached XP level 11. HP: 85/106 MP: 12/12
  9394 | D:12     | Noticed a manticore
  9417 | D:12     | Killed a manticore
 10550 | D:12     | Reached skill level 10 in Fighting
 10742 | D:13     | Reached skill level 10 in Dodging
 11556 | D:14     | Reached skill level 10 in Axes
 11793 | D:14     | Noticed a hill giant
 11810 | D:14     | Killed a hill giant
 11821 | D:15     | Entered Level 15 of the Dungeon
 11843 | D:15     | Found Deesi's Armour Boutique.
 12218 | D:15     | Noticed a tengu warrior
 12238 | D:15     | Noticed an ettin
 12242 | D:15     | Killed a tengu warrior
 12242 | D:15     | Reached XP level 12. HP: 78/118 MP: 13/13
 12244 | D:15     | Noticed a deep elf knight
 12250 | D:15     | Annihilated by an ettin

Vault maps used:
D:1:      dpeg_arrival_line_fractal
D:2:      vehumet_crystals, first_bread
D:3:      nicolae_overflow_hidden_temple
D:4:      st_stairs_3, uniq_blork_the_orc, uniq_grinder, uniq_pikel
D:5:      serial_bayou_pond_a
D:6:      kennysheep_boxes
D:7:      basic_altar, the_bakery, minmay_misc_feat_iff, uniq_menkaure
D:8:      nicolae_gozag_seed_capital, nicolae_overflow_quartered_altars,
          serial_shops, nicolae_shop_stone, minmay_misc_feat_secret_circle
D:9:      nicolae_overflow_crystal_walls,
          nicolae_dithmenos_through_a_glass_darkly, lair_0_dummy,
          minmay_misc_feat_columns, mrwooster_statue_mirror, library_closet,
          kennysheep_generic_room_10
D:10:     serial_shops, shop_fountains, nemelex_deck
D:11:     hiddenorc1_lemuel
D:12:     serial_ice, serial_ice_c, serial_ice_m, serial_ice_i, serial_ice_f,
          serial_ice_o, serial_ice_d
D:14:     david_vaults_1, lemuel_mausoleum_altar_yredelemnul, stair_cage_line
D:15:     hangedman_depths_entry_civil_slaughter, serial_shops, shop,
          lemuel_coloured_pillars_altar, hangedman_abyss_or_decor_lesser_grid

Action                   |  1- 3 |  4- 6 |  7- 9 | 10-12 || total
-------------------------+-------+-------+-------+-------++-------
Melee: Hand axe          |   139 |   207 |   380 |   987 ||  1713
       War axe           |       |       |    31 |       ||    31
Invok: Berserk           |     1 |     4 |     7 |    10 ||    22
       Trog's Hand       |       |    10 |    10 |    34 ||    54
       Brothers in Arms  |       |       |     2 |     4 ||     6
       Burn Spellbooks   |       |       |     1 |     2 ||     3
 Abil: Evoke Flight      |       |       |       |     1 ||     1
Evoke: Wand              |     2 |     2 |     4 |    10 ||    18
  Use: Potion            |     1 |     2 |     6 |     3 ||    12
       Scroll            |       |     5 |     6 |    11 ||    22
 Stab: Sleeping          |     1 |       |       |       ||     1
  Eat: Bread ration      |     1 |     1 |     5 |     5 ||    12
       Meat ration       |       |     1 |       |     2 ||     3
       Pizza             |       |     1 |       |       ||     1
       Chunk             |       |       |     2 |       ||     2
       Beef jerky        |       |       |     1 |       ||     1
